 Dungeon Crawl Stone Soup version 0.26.0-45-g9c1d065592 (webtiles) character file.

Game seed: 6955546301001238444

104 kaeus the Chopper (level 4, 0/40 HPs)
             Began as a Hill Orc Monk on Jan 27, 2021.
             Slain by a worm (9 damage)
             ... on level 2 of the Dungeon.
             The game lasted 00:02:30 (2892 turns).

kaeus the Chopper (Hill Orc Monk)                   Turns: 2892, Time: 00:02:31

Health: 0/40       AC: 10    Str: 14    XL:     4   Next: 80%
Magic:  4/4        EV:  7    Int: 10    God:
Gold:   117        SH:  0    Dex: 13    Spells: 3/3 levels left

rFire    . . .     SeeInvis .   a - +0 hand axe
rCold    . . .     Faith    .   (no shield)
rNeg     . . .     Spirit   .   f - +0 chain mail
rPois    .         Reflect  .   j - +0 helmet
rElec    .         Harm     .   (no cloak)
rCorr    .         Rampage  .   (no gloves)
Will     .....                  (no boots)
Stlth    ..........             (no amulet)
HPRegen  0.13/turn              (no ring)
MPRegen  0.09/turn              (no ring)

@: no status effects
A: no striking features
a: no special abilities


You were on level 2 of the Dungeon.
You visited 1 branch of the dungeon, and saw 2 of its levels.

You collected 117 gold pieces.

Inventory:

Hand Weapons
 a - a +0 hand axe (weapon)
Armour
 b - a +0 robe
 f - a +0 chain mail (worn)
 j - a +0 helmet (worn)
Scrolls
 c - a scroll of identify {unknown}
 e - 2 scrolls of teleportation {unknown}
 g - a scroll of magic mapping {unknown}
 h - 2 scrolls of fog {unknown}
 i - a scroll of enchant armour {unknown}
 k - a scroll of random uselessness {unknown}
 l - a scroll of amnesia {unknown}
Potions
 d - 3 potions of curing {unknown}
 m - a potion of lignification {unknown}


   Skills:
 + Level 4.3 Fighting
 + Level 4.6 Axes
 * Level 2.7 Armour
 + Level 2.6 Dodging
 - Level 2.2 Stealth


You had 3 spell levels left.
You didn't know any spells.
Your spell library was empty.

Dungeon Overview and Level Annotations

Branches:
Dungeon (2/15)

Altars:
Trog
Yredelemnul


Message History

* * * LOW HITPOINT WARNING * * *
You take 1 damage, and have 11/40 hp.
You hit the worm.
The worm is moderately wounded.
The worm barely misses you.
You hit the worm.
The worm is moderately wounded.
The worm bites you but does no damage.
You barely miss the worm.
The worm is moderately wounded.
The worm barely misses you.
You hit the worm.
The worm is moderately wounded.
The worm bites you.
* * * LOW HITPOINT WARNING * * *
You take 2 damage, and have 9/40 hp.
You barely miss the worm.
The worm is moderately wounded.
The worm bites you!
You die...

##........
#.........
#####.....##..
###)..###....##.#
##......)##..###.#
#...._..))##.# #.#
##.........##.###..
#.†w.###....#......
#.@†##y##...#......
#....###^...#......
#...........#......
##.........##......
##.......##......#
####.####..######
#.##...## #....###
######


You could see a moth of wrath and a worm (berserk).

Vanquished Creatures
  5 gnolls
  An adder (D:2)
  2 dart slugs
  A leopard gecko (D:1)
  5 bats
  A giant cockroach (D:2)
  2 gnoll zombies (D:2)
  6 goblins
  A hobgoblin (D:1)
  3 jackals (D:1)
  A frilled lizard (D:1)
  8 kobolds
  12 rats
48 creatures vanquished.

Vanquished Creatures (others)
  16 plants (D:1)
16 creatures vanquished.

Grand Total: 64 creatures vanquished

Notes
Turn   | Place    | Note
-------+----------+-------------------------------------------
     0 | D:1      | kaeus the Hill Orc Monk began the quest for the Orb.
     0 | D:1      | Reached XP level 1. HP: 19/19 MP: 1/1
   351 | D:1      | Reached XP level 2. HP: 18/27 MP: 2/2
   352 | D:1      | Reached skill level 1 in Armour
   779 | D:1      | Reached XP level 3. HP: 3/33 MP: 3/3
  1969 | D:2      | Found a basalt altar of Yredelemnul.
  2098 | D:1      | Reached XP level 4. HP: 12/40 MP: 4/4
  2872 | D:2      | Noticed a moth of wrath
  2875 | D:2      | Found a bloodstained altar of Trog.
  2892 | D:2      | Slain by a worm

Illustrated notes

Levels and vault maps discovered:
D:1:      minmay_arrival_nine_rooms, layout_loops_ring, serial_bayou,
          serial_bayou_lake_a, serial_bayou_pond_d, serial_bayou_pond_b,
          serial_bayou_pond_e, serial_bayou_lagoon_a, serial_bayou_shore_b
D:2:      layout_rooms, lemuel_zombie_altar_yredelemnul, tgw_trog,
          amethyst_overflow_temple_binary

Skill      XL: |  1  2  3 |
---------------+----------+-----
Armour         | 1 2 |  2.7
Stealth        | 2 |  2.2
Fighting       | 4 |  4.3
Axes           | |  4.6
Dodging        | |  2.6

Action                   |  1- 3 |  4- 6 || total
-------------------------+-------+-------++-------
Melee: Hand axe          |   158 |    46 ||   204
 Stab: Sleeping          |     1 |       ||     1
Armor: Robe              |    33 |       ||    33
       Chain mail        |    36 |    39 ||    75
Dodge: Dodged            |    97 |    23 ||   120
